 Dungeon Crawl Stone Soup version 0.28.0 (webtiles) character file.

Game seed: 12266072013726931754

49 Crownlay the Chiller (level 3, 0/25 HPs)
             Began as a Gnoll Ice Elementalist on Feb 12, 2022.
             Slain by a bat (1 damage)
             ... on level 2 of the Dungeon.
             The game lasted 00:01:32 (1609 turns).

Crownlay the Chiller (Gnoll Ice Elementalist)       Turns: 1609, Time: 00:01:32

Health: 0/25       AC:  2    Str:  7    XL:     3   Next: 77%
Magic:  9/9        EV: 13    Int: 16    God:
Gold:   73         SH:  0    Dex: 12    Spells: 5/12 levels left

rFire   . . .      SeeInvis .   b - +0 whip
rCold   . . .      Faith    .   (no shield)
rNeg    . . .      Spirit   .   a - +0 robe
rPois   .          Reflect  .   (no helmet)
rElec   .          Harm     .   (no cloak)
rCorr   .          Rampage  .   (no gloves)
Will    .....                   (no boots)
Stlth   ++........              (no amulet)
HPRegen 0.08/turn               (no ring)
MPRegen 0.11/turn               (no ring)

@: no status effects
A: fangs 1, strong nose, distributed training
a: no special abilities


You were on level 2 of the Dungeon.
You visited 1 branch of the dungeon, and saw 2 of its levels.

You collected 73 gold pieces.

Inventory:

Hand Weapons
 b - a +0 whip (weapon)
Armour
 a - a +0 robe (worn)
Scrolls
 f - a scroll of fear {unknown}
 g - a scroll of vulnerability {unknown}
 h - a scroll of enchant weapon {unknown}
Potions
 c - 2 potions of attraction {unknown}
 d - 2 potions of haste {unknown}
 e - a potion of lignification {unknown}


   Skills:
 + Level 0.9 Fighting
 + Level 0.9 Short Blades
 + Level 0.9 Long Blades
 + Level 0.9 Axes
 + Level 0.9 Maces & Flails
 + Level 0.9 Polearms
 + Level 0.9 Staves
 + Level 0.9 Slings
 + Level 0.9 Bows
 + Level 0.9 Crossbows
 + Level 0.9 Throwing
 + Level 0.9 Armour
 + Level 4.5 Dodging
 + Level 4.2 Stealth
 + Level 0.9 Shields
 + Level 0.9 Unarmed Combat
 + Level 5.0 Spellcasting
 + Level 0.6 Conjurations
 + Level 0.6 Hexes
 + Level 0.6 Summonings
 + Level 0.6 Necromancy
 + Level 0.6 Translocations
 + Level 0.6 Transmutations
 + Level 0.6 Fire Magic
 + Level 7.1 Ice Magic
 + Level 0.6 Air Magic
 + Level 0.6 Earth Magic
 + Level 0.6 Poison Magic
 + Level 1.0 Invocations
 + Level 0.9 Evocations


You had 5 spell levels left.
You knew the following spells:

 Your Spells              Type           Power      Damage    Failure   Level
a - Freeze                Ice            100%       1d11      1%          1
b - Frozen Ramparts       Ice            52%        1d7       2%          3
c - Ozocubu's Armour      Ice            26%        N/A       2%          3

Your spell library contained the following spells:

 Spells                   Type           Power      Damage    Failure   Level
 Hailstorm                Conj/Ice       16%        3d6       30%         4


Dungeon Overview and Level Annotations

Branches:
Dungeon (2/15)

Altars:


Innate Abilities, Weirdness & Mutations

You have very sharp teeth.
Your uncanny sense of smell can sniff out nearby items.
Your experience applies equally to all skills.


Message History

The gnoll shouts!
You hit the bat.
You kill the bat!
You hear a shout!
You hear an angry hiss.
A bat comes into view.
A ball python comes into view.
The gnoll hits you with a +0 whip.
You hit the gnoll. Your bite misses the gnoll.
The gnoll is lightly wounded.
The bat hits you but does no damage. The gnoll misses you.
You hit the gnoll but do no damage. You bite the gnoll, but do no damage.
The gnoll is lightly wounded.
The bat misses you. The gnoll closely misses you.
You hit the gnoll.
The gnoll is moderately wounded.
The bat closely misses you. The gnoll completely misses you.
The gnoll misses you. The ball python bites you. The ball python grabs you.
The ball python constricts you.
You barely miss the ball python. The ball python bites you.
The ball python constricts you. The gnoll hits you with a +0 whip.
The bat hits you but does no damage. The gnoll barely misses you.
The ball python closely misses you. The ball python constricts you.
You are too injured to fight recklessly!
You are too injured to fight recklessly!
You are too injured to fight recklessly!
You are too injured to fight recklessly!
You are too injured to fight recklessly!
You are too injured to fight recklessly!
You are too injured to fight recklessly!
You are too injured to fight recklessly!
You are too injured to fight recklessly!
You are too injured to fight recklessly!
Casting: Frozen Ramparts (dangerous; 2% risk of failure)
Confirm with . or Enter, or press ? or * to list all spells.
Okay, then.
You escape the ball python's grasp. 2 gnolls come into view.
The bat misses you. The gnoll hits you with a +0 whip!
* * * LOW HITPOINT WARNING * * *
The bat hits you.
You die...

#.[..#
#####.............
######
####.#####......
###....# ###....
#...#### #.>..
#.### #.... #.#
#.... . #.# .. #.#
#$####@#
###....b.####
......S.gg..#
###.#.....#..... #
#####..##### #.#
g# g# .#


You could see 4 gnolls, a bat and a ball python.

Vanquished Creatures
  2 dart slugs
  5 ball pythons
  3 endoplasms
  3 giant cockroaches
  5 hobgoblins
  3 kobolds
  3 quokkas (D:1)
  3 bats
  4 frilled lizards
  5 goblins
  5 rats (D:1)
41 creatures vanquished.

Notes
Turn   | Place    | Note
-------+----------+-------------------------------------------
     0 | D:1      | Crownlay the Gnoll Ice Elementalist began the quest for the
                  | Orb.
     0 | D:1      | Reached XP level 1. HP: 13/13 MP: 6/6
   540 | D:1      | Reached XP level 2. HP: 19/19 MP: 5/7
   982 | D:1      | Reached XP level 3. HP: 18/25 MP: 6/9
   984 | D:1      | Reached skill level 5 in Spellcasting
  1370 | D:2      | Learned a level 3 spell: Frozen Ramparts
  1374 | D:2      | Learned a level 3 spell: Ozocubu's Armour
  1430 | D:2      | Reached skill level 1 in Invocations
  1608 | D:2      | HP: 1/25 [gnoll (9)]
  1609 | D:2      | Slain by a bat

Illustrated notes

Levels and vault maps discovered:
D:1:      saegor_arrival_simple_d, layout_rooms, serial_forest,
          infiniplex_forest_clump_large, infiniplex_forest_lined_3,
          infiniplex_forest_end_1, infiniplex_forest_clump_double,
          infiniplex_forest_straight_3, infiniplex_forest_lined_room_
D:2:      layout_rooms, minmay_tromino_i4

Skill      XL: |  1  2  3 |
---------------+----------+-----
Spellcasting   | 5 |  5.0
Invocations    | 1 |  1.0
Fighting       | |  0.9
Short Blades   | |  0.9
Long Blades    | |  0.9
Axes           | |  0.9
Maces & Flails | |  0.9
Polearms       | |  0.9
Staves         | |  0.9
Slings         | |  0.9
Bows           | |  0.9
Crossbows      | |  0.9
Throwing       | |  0.9
Armour         | |  0.9
Dodging        | |  4.5
Stealth        | |  4.2
Shields        | |  0.9
Unarmed Combat | |  0.9
Conjurations   | |  0.6
Hexes          | |  0.6
Summonings     | |  0.6
Necromancy     | |  0.6
Translocations | |  0.6
Transmutations | |  0.6
Fire Magic     | |  0.6
Ice Magic      | |  7.1
Air Magic      | |  0.6
Earth Magic    | |  0.6
Poison Magic   | |  0.6
Evocations     | |  0.9

Action                   || total
-------------------------++-------
Melee: Whip              ||    39
       Unarmed           ||    11
       Bite              ||     5
 Cast: Freeze            ||    37
       Frozen Ramparts   ||     3
       Ozocubu's Armour  ||     1
Armor: Robe              ||    17
Dodge: Dodged            ||    63
